 Dungeon Sprint DCSS version 0.26-a0-1181-gd376ed14c5 (webtiles) character file.

Game seed: 16018510321025410117

455 sahdkjhfkaj the Basher (level 7, -8/64 HPs)
             Began as a Vine Stalker Berserker on Dec 26, 2020.
             Was a Priest of Trog.
             Mangled by a boulder beetle (16 damage)
             ... in the Dungeon (Sprint II: "The Violet Keep of Menkaure").
             The game lasted 00:01:47 (317 turns).

sahdkjhfkaj the Basher (Vine Stalker Berserker)      Turns: 317, Time: 00:01:47

Health: -8/64      AC:  3    Str: 21    XL:     7   Next: 5%
Magic:  0/8        EV: 12    Int:  7    God:    Trog [***...]
Gold:   391        SH:  0    Dex: 14    Spells: 6/6 levels left

rFire    . . .     SeeInvis .   a - +1 mace
rCold    . . .     Faith    .   (no shield)
rNeg     . . .     Spirit   +   b - +1 animal skin
rPois    .         Reflect  .   (no helmet)
rElec    .         Harm     .   (no cloak)
rCorr    .         Rampage  .   (no gloves)
Will     .....     NoTele   +   (no boots)
Stlth    ..........             (no amulet)
HPRegen  0.60/turn              (no ring)
MPRegen  0.11/turn              (no ring)

@: berserking (expiring), very quick
A: fangs 2, regeneration 1, magic shield, antimagic bite, no potion heal 3
a: Renounce Religion, Berserk, Trog's Hand


You were in the Dungeon.
You worshipped Trog.
Trog was most pleased with you.
You visited 1 branch You collected 486 gold pieces.
You spent 95 gold pieces at shops.

Inventory:

Hand Weapons
 a - a +1 mace (weapon)
Armour
 b - a +1 animal skin (worn)
Scrolls
 g - a scroll of blinking
Potions
 c - a potion of curing
 d - a potion of haste
 e - 2 potions of magic
 f - a potion of berserk rage


   Skills:
 + Level 8.2 Fighting
 * Level 11.0 Maces & Flails
 - Level 2.0 Armour
 - Level 2.0 Dodging


You had 6 spell levels left.
You didn't know any spells.
Your spell library was empty.

Dungeon Overview and Level Annotations

Branches:
Dungeon (1/1)

Altars:

Shops:
D !:?(:!![[=*?=?}

Annotations:
D exclusion: oklob plant


Innate Abilities, Weirdness & Mutations

You have extremely sharp teeth.
Your natural rate of healing is unusually fast.
When hurt, damage is shared between your health and your magic reserves.
Your bite disrupts and absorbs the magic of your enemies.
Potions cannot restore your health.


Message History

* * * LOW HITPOINT WARNING * * *
The boulder beetle stops rolling and uncurls.
There is a staircase leading out of the dungeon, spattered with blood here.
You hit the boulder beetle but do no damage.
You bite the boulder beetle. You drain its power.
You feel invigorated.
The boulder beetle is lightly wounded.
The boulder beetle leaps!
You hit the boulder beetle but do no damage.
You bite the boulder beetle! You drain its power.
You feel invigorated.
The boulder beetle is moderately wounded.
The boulder beetle bites you.
* * * LOW HITPOINT WARNING * * *
You hit the boulder beetle but do no damage.
You bite the boulder beetle. You drain its power.
You feel invigorated.
The boulder beetle is moderately wounded.
You hit the boulder beetle but do no damage.
You bite the boulder beetle! You drain its power.
The boulder beetle is moderately wounded.
The boulder beetle bites you!!
You die...

###########≈≈#+++*+++*****,,,,*,*
##########≈≈≈...,,,,,,*,,+,,,,*,,
#.∩.∩....#≈≈≈≈.##+##,,*,,****,*,,
#..∩.∩...#≈≈≈≈##.#.##,****,,+,***
#...∩.∩..#≈≈≈≈#.###.#,,,,*,,*,,,*
#....∩.⌠.#≈≈####.#.####,,*****,,*
#...∩....#≈##.###÷###B##,,*,,+,,*
#..∩.∩...#≈#...##.##$..#,,*,,*,^*
#.∩.∩....'≈'##.B@<.+#**+,,****,,*
#∩.∩.....#≈#.####.##°..#,,,,***,^
▓▓▓▓▓▓▓###≈##.#*#+#*#.##,,,,,,≈≈≈
#$hD######≈≈###*,*,**##≈≈,,,,,≈*+
#?$h#Z,+^##≈≈≈*,,*,,*≈≈≈≈≈≈≈,,≈*,
#∩P)+$.*+**+#≈#**,***≈≈≈≈≈≈≈≈,≈*,
#$($#!##≈**,*≈≈#*+**≈≈≈≈≈≈≈≈≈≈≈*,
#($.###≈○≈****≈≈≈≈≈≈≈≈≈≈≈≈≈≈≈≈≈*,
**+***≈≈≈≈≈*,*+++*+++*≈≈≈≈≈≈≈≈≈*,


You could see a boulder beetle.

Vanquished Creatures
  2 wyverns (D)
  Menkaure (D)
  A water moccasin (D)
  3 worms (D)
7 creatures vanquished.

Notes
Turn   | Place    | Note
-------+----------+-------------------------------------------
     0 | D        | sahdkjhfkaj the Vine Stalker Berserker began the quest for
                  | the Orb.
     0 | D        | Reached XP level 1. HP: 11/11 MP: 2/2
     1 | D        | Noticed a wyvern
     1 | D        | Noticed a wyvern
     4 | D        | Killed a wyvern
     5 | D        | Reached skill level 3 in Maces & Flails
     5 | D        | Reached skill level 5 in Fighting
     5 | D        | Reached skill level 7 in Maces & Flails
     5 | D        | Reached XP level 2. HP: 14/19 MP: 1/3
     5 | D        | Reached XP level 3. HP: 17/23 MP: 1/4
     5 | D        | Gained mutation: Your natural rate of healing is unusually
                  | fast. [Vine Stalker growth]
     5 | D        | Reached XP level 4. HP: 21/28 MP: 1/5
     5 | D        | Reached XP level 5. HP: 24/32 MP: 1/6
     8 | D        | Killed a wyvern
     9 | D        | Reached skill level 9 in Maces & Flails
     9 | D        | Reached XP level 6. HP: 25/38 MP: 0/7
    77 | D        | Reached ** piety under Trog
    91 | D        | Found Hasong's Magic Scroll Emporium.
    91 | D        | Found Amue's Jewellery Shoppe.
    91 | D        | Found Ujaimu's Jewellery Shoppe.
    91 | D        | Found Sezaru's Gadget Shoppe.
    91 | D        | Found Edet's Antique Armour Emporium.
    91 | D        | Found Vobuor's Magic Scroll Emporium.
    91 | D        | Found Zutas's Antique Armour Shoppe.
    91 | D        | Noticed a water moccasin
    92 | D        | Found Sidiny's Distillery.
    92 | D        | Found Dirix's Assorted Antiques.
    92 | D        | Found Xejisk's Distillery.
    92 | D        | Found Girexi's Book Shoppe.
    92 | D        | Noticed a black bear
   101 | D        | Killed a water moccasin
   102 | D        | Reached skill level 10 in Maces & Flails
   199 | D        | Noticed a fire dragon
   200 | D        | Noticed a black bear
   201 | D        | Found Tiwunaoz's Antique Weapon Shoppe.
   201 | D        | Found Ohoxt's Magic Scroll Emporium.
   201 | D        | Noticed Menkaure
   201 | D        | Noticed a black bear
   201 | D        | Noticed an oklob plant
   202 | D        | Found Ithred's Distillery.
   202 | D        | Found Likiuv's Book Shoppe.
   214 | D        | Killed Menkaure
   214 | D        | Reached *** piety under Trog
   215 | D        | Reached skill level 11 in Maces & Flails
   215 | D        | Reached XP level 7. HP: 15/43 MP: 6/8
   284 | D        | Bought a scroll labelled WILEKA LAB for 19 gold pieces
   284 | D        | Bought a scroll labelled ZIDIALA GUIDI for 19 gold pieces
   284 | D        | Bought a scroll labelled MEISAPH KOVUTO for 19 gold pieces
   284 | D        | Bought a scroll labelled AFAFUI SOLYS for 19 gold pieces
   284 | D        | Bought a scroll labelled EDIAFR WAESM for 19 gold pieces
   307 | D        | Noticed a boulder beetle
   307 | D        | Noticed a boulder beetle
   317 | D        | Mangled by a boulder beetle

Illustrated notes

Levels and vault maps discovered:
D:        the_violet_keep_of_menkaure [sprint2_stairs_cluster_1,
          sprint2_shoproom, sprint2_temple, sprint2_basic_supplies,
          sprint2_obstacle_7, sprint2_obstacle_1, sprint2_obstacle_4,
          sprint2_obstacle_2, sprint2_obstacle_6, sprint2_timed_cluster_1,
          sprint2_smallroom_cluster_1, sprint2_smallroom_final_cluster_1,
          sprint2_transparent_cluster_1, sprint2_second_timed_cluster_1,
          sprint2_sniper_area_1, sprint2_heavy_combat_area_1,
          sprint2_mutation_trap_area_1, sprint2_forest_area_1,
          sprint2_light_combat_area_1, sprint2_behind_water_1,
          sprint2_near_end_vault_1]

Skill      XL: |  1  2  3  4  5  6 |
---------------+-------------------+-----
Fighting       | 5 7 8 |  8.2
Maces & Flails | 7 9 11 | 11.0
Armour         | 2 |  2.0
Dodging        | 2 |  2.0

Action                   |  1- 3 |  4- 6 |  7- 9 || total
-------------------------+-------+-------+-------++-------
Melee: Mace              |     2 |    30 |     4 ||    36
       Bite              |     1 |    12 |     4 ||    17
Invok: Berserk           |     1 |       |     1 ||     2
       Trog's Hand       |       |     1 |       ||     1
  Use: Scroll            |       |       |     5 ||     5
Armor: Animal skin       |       |     1 |       ||     1
Dodge: Dodged            |     1 |    13 |       ||    14

Table legend: (Time is in decaauts)
 A = Elapsed time spent in this place.
 B = Non-inter-level travel time spent in this place.
 C = Inter-level travel time spent in this place.
 D = Time resting spent in this place.
 E = Time spent auto-exploring this place.
 F = Levels seen in this place.
 G = Mean time per level.
                   A        B        C        D        E       F      G
               +--------+--------+--------+--------+--------+-----+--------+
         Total |    321 |    321 |      0 |    186 |      1 |   1 |  321.0 |
       Dungeon |    321 |    321 |      0 |    186 |      1 |   1 |  321.0 |
               +--------+--------+--------+--------+--------+-----+--------+

Top non-repeatable levels by time:
       D: 321 daAuts
